 Dungeon Sprint DCSS version 0.16-a0-3636-gf0307c9 (webtiles) character file.

87381468 BluebellGnoll the Talismancer (level 23, 271/271 HPs)
             Began as a Deep Dwarf Berserker on Jan 15, 2015.
             Was the Champion of Trog.
             Escaped with the Orb
             ... and 17 runes!
             The game lasted 03:56:43 (20959 turns).

BluebellGnoll the Talismancer (DDBe)               Turns: 20959, Time: 03:56:43

Health: 271/271    AC: 35    Str: 25      XL:     23   Next: 22%
Magic:  21/21      EV: 28    Int: 10 (16) God:    Trog [******]
Gold:   34         SH:  0    Dex: 20      Spells: 0 memorised, 54 levels left

rFire  + + +     SeeInvis +     z - +6 war axe "Dieteykk" {freeze, +Blink rF+ HP-9 SInv Stlth-}
rCold  + + .     Clarity  .     X - +2 plate armour {rF+}
rNeg   + + .     SustAb   .     T - +4 large shield {rN+}
rPois  +         Gourm    .     G - +2 hat
rElec  +         Spirit   .     L - +1 cloak
rCorr  +         Warding  .     Y - +0 pair of gloves of the Pirate {HP+9 Int+3}
rMut   .         NoTele   +     Q - +2 pair of boots {run}
MR     ++++.                    q - amulet of Jear {rCorr rPois+ rF++ MR- HP+9 MP+9 Stlth+}
Stlth  ..........               O - ring of protection from cold
                                F - ring "Klusub" {+Fly Int+3 Dex+4 Slay+6}

@: confused, resistant, very slightly contaminated, non-regenerating, hasted,
very quick, incredibly resistant to hostile enchantments, extremely unstealthy
A: damage resistance, recharge devices, negative energy resistance 1, sense
surroundings 3, slow healing 3
a: Device Recharging, Burn Spellbooks, Berserk, Trog's Hand, Brothers in Arms,
Renounce Religion, Evoke Blink, Evoke Flight
0: Orb of Zot
}: 17/15 runes: decaying, serpentine, barnacled, slimy, elven, silver, golden,
iron, obsidian, icy, bone, abyssal, glowing, magical, fiery, dark, gossamer


You escaped.
You worshipped Trog.
Trog was exalted by your worship.
You were completely stuffed.

You visited 1 branch You collected 2008 gold pieces.
You spent 1974 gold pieces at shops.

Inventory:

Hand weapons
 i - the +11 broad axe "Mnanun" {chop, Contam +Fly rC+ rN- MR+ SInv}
   (Trog gifted it to you in the Dungeon)

   It inflicts extra damage upon your enemies.
   It protects you from cold.
   It makes you vulnerable to negative energy.
   It affects your resistance to hostile enchantments.
   It enhances your eyesight.
   It lets you fly.
   It causes magical contamination when unequipped.
 m - the +4 Staff of Dispater
   (You took it off Dispater in the Dungeon)
 t - a +9 antimagic war axe
 z - the +6 war axe "Dieteykk" (weapon) {freeze, +Blink rF+ HP-9 SInv Stlth-}
   (Trog gifted it to you in the Dungeon)

   It has been specially enchanted to freeze those struck by it, causing extra
   injury to most foes and up to half again as much damage against particularly
   susceptible opponents.
   It can also slow down cold-blooded creatures.
   It protects you from fire.
   It affects your health (-9).
   It enhances your eyesight.
   It lets you blink.
   It makes you less stealthy.
 C - the +5 demon trident of Dawn {venom, +Rage rElec rPois+ Str+4}
   (You found it in the Dungeon)

   It poisons the flesh of those it strikes.
   It affects your strength (+4).
   It insulates you from electricity.
   It protects you from poison.
   It lets you go berserk.
 D - the +14 obsidian axe {chop, +Fly Str+3 SInv Curse}
   (Trog gifted it to you in the Dungeon)

   It inflicts extra damage upon your enemies.
   It affects your strength (+3).
   It enhances your eyesight.
   It lets you fly.
   It may recurse itself when equipped.
 H - the +7 Sceptre of Asmodeus
   (You took it off Asmodeus in the Dungeon)
 I - the +0 spear of Xoeqa {pierce, +Inv +Fly rF+}
   (Trog gifted it to you in the Dungeon)

   It inflicts extra damage upon your enemies.
   It protects you from fire.
   It lets you turn invisible.
   It lets you fly.
 K - a +5 vampiric demon trident
 M - a +3 whip of holy wrath
 N - a +7 war axe of flaming
 W - the +12 mace of the Ship {flame, rN+ Dex+3}
   (Trog gifted it to you in the Dungeon)

   It emits flame when wielded, causing extra injury to most foes and up to half
   again as much damage against particularly susceptible opponents.
   It affects your dexterity (+3).
   It protects you from negative energy.
Missiles
 o - 24 tomahawks of dispersal
 p - 49 poisoned javelins
 y - 26 tomahawks of returning
 A - 4 throwing nets
 J - 18 javelins
 P - 15 javelins of penetration
 R - 23 javelins of returning (quivered)
 S - 29 steel javelins
 V - 41 silver javelins
Armour
 G - a +2 hat (worn)
 L - a +1 cloak (worn)
 Q - a +2 pair of boots of running (worn)
 T - a +4 large shield of positive energy (worn)
 X - a +2 plate armour of fire resistance (worn)
 Y - the +0 pair of gloves of the Pirate (worn) {HP+9 Int+3}
   (You found it in the Dungeon)

   It affects your intelligence (+3).
   It affects your health (+9).
Jewellery
 n - the amulet of Egalitarianism {Ward +Fly rElec rF+ rN+}
   (You found it in the Dungeon)

   [amulet of warding]

   It may prevent the melee attacks of summoned creatures.
   It protects you from fire.
   It insulates you from electricity.
   It protects you from negative energy.
   It lets you fly.
 q - the amulet of Jear (around neck) {rCorr rPois+ rF++ MR- HP+9 MP+9 Stlth+}
   (You found it in the Dungeon)

   [amulet of resist corrosion]

   It protects you from acid and corrosion.
   It greatly protects you from fire.
   It protects you from poison.
   It affects your resistance to hostile enchantments.
   It affects your health (+9).
   It affects your magic capacity (+9).
   It makes you more stealthy.
 E - the ring of Abstinence {*Rage +Inv EV+3 Str+5 Int+4}
   (You found it in the Dungeon)

   [ring of evasion]

   It affects your evasion (+3).
   It affects your strength (+5).
   It affects your intelligence (+4).
   It lets you turn invisible.
   It may make you go berserk in combat.
 F - the ring "Klusub" (left hand) {+Fly Int+3 Dex+4 Slay+6}
   (You found it in the Dungeon)

   [ring of intelligence]

   It affects your intelligence (+3).
   It affects your dexterity (+4).
   It affects your accuracy and damage with ranged weapons and melee attacks
   (+6).
   It lets you fly.
 O - a ring of protection from cold (right hand)
Magical devices
 c - a wand of heal wounds (8)
 g - a wand of enslavement (18)
 l - a wand of fire (12)
 U - a wand of confusion (38)
 Z - a wand of hasting (2)
Scrolls
 j - 7 scrolls of blinking
 k - 3 scrolls of remove curse
 s - a scroll of fear
 v - 4 scrolls of fog
 B - a scroll of identify
Potions
 a - 3 potions of cure mutation
 f - 7 potions of heal wounds
 h - 4 potions of magic
Miscellaneous
 u - the horn of Geryon (-127 inert)
Comestibles
 d - 10 bread rations
 r - 4 meat rations
 x - 31 fruits


   Skills:
 O Level 27 Fighting
   Level 16.0(22.2) Short Blades
 O Level 27 Long Blades
 O Level 27 Axes
 O Level 27 Maces & Flails
 O Level 27 Polearms
 + Level 9.0(24.9) Staves
 O Level 27 Throwing
 O Level 27 Armour
 O Level 27 Dodging
 O Level 27 Stealth
 O Level 27 Shields
 - Level 4.2 Unarmed Combat
 - Level 16.0 Spellcasting
 O Level 27 Evocations


You had 54 spell levels left.
You didn't know any spells.

Dungeon Overview and Level Annotations

Branches:
Dungeon (1/1)

Altars:
Cheibriados
Dithmenos
Elyvilon
Fedhas
Gozag
Kikubaaqudgha
Makhleb
Nemelex Xobeh
Okawaru
Qazlal
Ru
Sif Muna
Trog
Vehumet
Xom
Yredelemnul
Zin
The Shining One
Beogh
Jiyva
Lugonu

Shops:
D ?!?(


Innate Abilities, Weirdness & Mutations

You are resistant to damage.
You can recharge devices by infusing magical energy.
You resist negative energy.
You passively map a large area around you.
You do not heal naturally.


Message History

Drink which item? (? for menu, Esc to quit)
You feel much better.
Drink which item? (? for menu, Esc to quit)
You feel much better.
Drink which item? (? for menu, Esc to quit)
You feel protected.
Evoke which item? (* to show all) (? for menu, Esc to quit)
Zapping:
Z - a wand of hasting (3)
Press: ? - help, Shift-Dir - straight line, f - you You feel yourself speed up.
You are very lightly contaminated with residual magic.
This wand has 2 charges left.
Use which ability? (? or * to list)
Your skin crawls.
You feel resistant to hostile enchantments.
You feel slightly less full.
Drink which item? (? for menu, Esc to quit)
You are confused.
You feel invigorated.
You have escaped!

▓▓▓▓▓▓▓▓▓▓▓▓▓▓▓▓▓▓
▓@)).)')....'[)...
▓▓▓▓▓▓▓▓▓▓▓▓▓▓▓▓▓▓
▓.)...............
▓.▓▓▓▓▓▓▓▓▓▓▓▓▓▓▓▓
▓.......'..)..)...
▓▓▓▓▓▓▓▓▓▓▓▓▓▓▓▓▓▓
▓.....).)..[......
▓.▓▓▓▓▓▓▓▓▓▓▓▓▓▓▓▓
▓.............+[)[


There were no monsters in sight!

Vanquished Creatures
  Asmodeus (D)
  the royal jelly (D)
  Ereshkigal (D)
  Gloorx Vloq (D)
  A seraph (D)
  Mnoleg (D)
  Dispater (D)
  Lom Lobon (D)
  4 ancient liches (D)
  3 orbs of fire (D)
  9 greater mummies (D)
  Boris (D)
  Margery (D)
  3 Killer Klowns (D)
  Mennas (D)
  Geryon (D)
  2 golden dragons (D)
  Xtahua (D)
  Frederick (D)
  2 electric golems (D)
  A Brimstone Fiend (D)
  Nikola (D)
  4 pandemonium lords (D)
  A Hell Sentinel (D)
  A quicksilver dragon (D)
  2 tentacled monstrosities (D)
  7 liches (D)
  2 Ice Fiends (D)
  43 Orb Guardians (D)
  4 deep elf blademasters (D)
  A Shadow Fiend (D)
  A deep elf master archer (D)
  A tentacled starspawn (D)
  12 acid blobs (D)
  12 sphinxes (D)
  2 Executioners (D)
  4 storm dragons (D)
  5 shadow dragons (D)
  6 azure jellies (D)
  2 daevas (D)
  Ilsuiw (D)
  3 greater nagas (D)
  A draconian monk (D)
  A balrug (D)
  A deep elf sorcerer (D)
  A draconian knight (D)
  A vault warden (D)
  Louise (D)
  2 draconian scorchers (D)
  2 angels (D)
  A cacodemon (D)
  6 ghost moths (D)
  6 emperor scorpions (D)
  4 draconian zealots (D)
  5 reapers (D)
  A draconian annihilator (D)
  2 ironheart preservers (D)
  3 very ugly things (D)
  5 stone giants (D)
  A grey draconian (D)
  A green draconian (D)
  7 vampire knights (D)
  A dire elephant (D)
  3 pale draconians (D)
  4 purple draconians (D)
  3 deep elf demonologists (D)
  2 black draconians (D)
  A mottled draconian (D)
  3 deep elf annihilators (D)
  2 red draconians (D)
  5 merfolk javelineers (D)
  A deep elf high priest (D)
  A deep elf death mage (D)
  A green death (D)
  2 mummy priests (D)
  3 great orbs of eyes (D)
  5 merfolk impalers (D)
  6 fire dragons (D)
  25 vault guards (D)
  6 death oozes (D)
  A death cob (D)
  6 ice dragons (D)
  Harold (D)
  A naga warrior (D)
  10 hydras (D)
  A rakshasa (D)
  A satyr (D)
  A merfolk aquamancer (D)
  4 centaur warriors (D)
  A death yak (D)
  A tengu warrior (D)
  A vampire mage (D)
  Urug (D)
  5 orc high priests (D)
  3 hell beasts (D)
  3 sun demons (D)
  5 soul eaters (D)
  4 ogre magi (D)
  A catoblepas (D)
  A salamander mystic (D)
  Erolcha (D)
  3 hell knights (D)
  3 shadow demons (D)
  A cherub (D)
  4 sea snakes (D)
  2 shadow wraiths (D)
  A giant orange brain (D)
  4 ball lightnings (D)
  2 deep elf knights (D)
  2 ice devils (D)
  2 swamp dragons (D)
  A deep troll (D)
  A naga ritualist (D)
  3 hill giants (D)
  A deep elf summoner (D)
  4 ironbrand convokers (D)
  4 orc knights (D)
  A shining eye (shapeshifter) (D)
  A necromancer (D)
  A draconian zombie (D)
  2 wolf spiders (D)
  2 salamanders (D)
  2 sixfirhies (D)
  4 orc sorcerers (D)
  8 moths of wrath (D)
  A mana viper (D)
  2 stone giant zombies (D)
  3 ugly things (D)
  A worldbinder (D)
  A faun (D)
  A hornet (D)
  A toenail golem (D)
  5 elephants (D)
  3 vault sentinels (D)
  A manticore (D)
  2 guardian serpents (D)
  5 orange demons (D)
  4 rust devils (D)
  A black mamba (D)
  Psyche (D)
  A purple draconian zombie (D)
  2 smoke demons (D)
  2 spiny frogs (D)
  A yaktaur (D)
  A red draconian zombie (D)
  A kobold demonologist (D)
  4 hellwings (D)
  2 naga magi (D)
  A black draconian zombie (D)
  An elf (shapeshifter) (D)
  A fire drake (shapeshifter) (D)
  2 wandering mushrooms (D)
  3 tormentors (D)
  A komodo dragon (shapeshifter) (D)
  A deep elf priest (D)
  17 guardian mummies (D)
  A demonic crawler (D)
  8 red devils (D)
  A tengu conjurer (D)
  A freezing wraith (D)
  5 blue devils (D)
  4 jumping spiders (D)
  2 ancient zymes (D)
  A wind drake (D)
  2 giant leeches (D)
  A two-headed ogre (D)
  A wind drake (shapeshifter) (D)
  2 merfolk (D)
  2 boulder beetles (D)
  A snapping turtle (D)
  A redback (D)
  A trapdoor spider (D)
  A neqoxec (D)
  A ynoxinul (D)
  11 spriggans (D)
  A wraith (D)
  3 shadows (D)
  A hippogriff (D)
  2 hungry ghosts (D)
  3 chaos spawn (D)
  A golden eye (shapeshifter) (D)
  2 vampire mosquitoes (D)
  Grum (D)
  A deep elf fighter (D)
  8 nagas (D)
  An insubstantial wisp (D)
  6 large abominations (D)
  3 water moccasins (D)
  3 mottled dragons (D)
  2 wolves (D)
  An ice beast (D)
  10 orc warriors (D)
  5 eyes of draining (D)
  A swamp drake (D)
  A porcupine (D)
  A phantom (D)
  4 crocodiles (D)
  2 brain worms (D)
  3 giant frogs (D)
  2 scorpions (D)
  A small abomination (D)
  2 wights (D)
  A crimson imp (D)
  5 orc priests (D)
  2 quasits (D)
  An iron imp (D)
  3 orc wizards (D)
  4 adders (D)
  A river rat (D)
  3 shadow imps (D)
  2 giant eyeballs (D)
  3 ufetubi (D)
  10 orcs (D)
  A bat skeleton (D)
  2 giant cockroaches (D)
  A goblin (D)
  3 hobgoblins (D)
  2 quokkas (D)
  A ball python (D)
  3 bats (D)
  A giant newt (D)
  A giant spore (D)
  2 hobgoblin zombies (D)
  5 orc zombies (D)
  2 rats (D)
  A spectral ball python (D)
  A spectral quokka (D)
  A ballistomycete (D)
  A fungus (D)
  A starspawn tentacle (D)
646 creatures vanquished.

Vanquished Creatures (collateral kills)
  Antaeus (D)
  Cerebov (D)
  Norris (D)
  An azure jelly (D)
  Mara (D)
  2 tentacled monstrosities (D)
  A sphinx (D)
  A draconian scorcher (D)
  An angel (D)
  A stone giant (D)
  A black draconian (D)
  A purple draconian (D)
  A dire elephant (D)
  A red draconian (D)
  An ettin (D)
  2 ogre magi (D)
  A fire dragon (D)
  A death yak (D)
  2 hell knights (D)
  A fire crab (D)
  A hill giant (D)
  2 elephants (D)
  A death yak zombie (D)
  A boulder beetle (D)
  A ynoxinul (D)
  A mummy (D)
  2 ufetubi (D)
  A giant cockroach simulacrum (D)
33 creatures vanquished.

Vanquished Creatures (others)
  Jory (D)
  A tentacled monstrosity (D)
  2 stone giants (D)
  A centaur warrior (D)
  3 hell beasts (D)
  A hell knight (D)
  A sun demon (D)
  An iron troll (D)
  2 hill giants (D)
  An orange demon (D)
  2 trolls (D)
  A blue devil (D)
  A neqoxec (D)
  A small abomination (D)
  A centaur (D)
  A giant gecko skeleton (D)
  A giant spore (D)
  2 fungi (D)
24 creatures vanquished.

Grand Total: 703 creatures vanquished

Notes
Turn   | Place    | Note
--------------------------------------------------------------
     0 | D        | BluebellGnoll, the Deep Dwarf Berserker, began the quest for the Orb.
     0 | D        | Reached XP level 1. HP: 20/20 MP: 1/1
    11 | D        | Acquired Trog's second power
    11 | D        | Reached skill level 4 in Evocations
    30 | D        | Noticed an orc wizard
    41 | D        | Reached skill level 5 in Evocations
    44 | D        | Reached XP level 2. HP: 22/27 MP: 3/3
    57 | D        | Killed an orc wizard
    57 | D        | Reached skill level 9 in Evocations
    57 | D        | Reached XP level 3. HP: 30/33 MP: 4/7
    66 | D        | Acquired Trog's third power
    80 | D        | Reached skill level 10 in Evocations
    91 | D        | Found a glowing silver altar of Zin.
    91 | D        | Found a glowing golden altar of the Shining One.
    91 | D        | Found an ancient bone altar of Kikubaaqudgha.
    91 | D        | Found a basalt altar of Yredelemnul.
    91 | D        | Found a shimmering altar of Xom.
    91 | D        | Found a radiant altar of Vehumet.
    91 | D        | Found an iron altar of Okawaru.
    92 | D        | Found a burning altar of Makhleb.
    93 | D        | Found a deep blue altar of Sif Muna.
    94 | D        | Found a bloodstained altar of Trog.
    95 | D        | Found a sparkling altar of Nemelex Xobeh.
    96 | D        | Found a white marble altar of Elyvilon.
    97 | D        | Found a roughly hewn altar of Beogh.
    98 | D        | Found a viscous altar of Jiyva.
    99 | D        | Found a corrupted altar of Lugonu.
   100 | D        | Found a blossoming altar of Fedhas.
   101 | D        | Found a snail-covered altar of Cheibriados.
   102 | D        | Found a shadowy altar of Dithmenos.
   103 | D        | Found a stormy altar of Qazlal.
   104 | D        | Found an opulent altar of Gozag.
   105 | D        | Found a sacrificial altar of Ru.
   161 | D        | Noticed a centaur
   161 | D        | Noticed a hill giant
   161 | D        | Noticed a wight
   161 | D        | Noticed a hill giant
   162 | D        | Killed a centaur
   164 | D        | Killed a wight
   164 | D        | Reached skill level 5 in Axes
   164 | D        | Reached XP level 4. HP: 21/40 MP: 10/10
   166 | D        | Killed a hill giant
   166 | D        | Reached skill level 11 in Axes
   166 | D        | Reached XP level 5. HP: 8/46 MP: 13/13
   166 | D        | Reached XP level 6. HP: 9/55 MP: 16/16
   166 | D        | Reached XP level 7. HP: 9/61 MP: 18/18
   166 | D        | Killed a hill giant
   166 | D        | Reached skill level 13 in Axes
   166 | D        | Reached skill level 10 in Armour
   184 | D        | Noticed a two-headed ogre
   184 | D        | Noticed a fire drake
   184 | D        | Noticed a tengu warrior
   184 | D        | Noticed an eye of draining
   184 | D        | Noticed a hungry ghost
   186 | D        | Killed a two-headed ogre
   186 | D        | Reached skill level 14 in Axes
   186 | D        | Reached XP level 8. HP: 28/68 MP: 20/20
   186 | D        | Killed an eye of draining
   189 | D        | Killed a fire drake
   189 | D        | Received a gift from Trog
   193 | D        | Killed a tengu warrior
   193 | D        | Reached skill level 15 in Axes
   193 | D        | Gained mutation: You passively map the area around you. [level up]
   193 | D        | Reached XP level 9. HP: 23/74 MP: 21/21
   195 | D        | Killed a hungry ghost
   195 | D        | Reached skill level 16 in Axes
   320 | D        | Noticed a crocodile
   320 | D        | Noticed a spiny frog
   320 | D        | Noticed a water moccasin
   320 | D        | Noticed a crocodile
   320 | D        | Noticed a porcupine
   322 | D        | Killed a spiny frog
   322 | D        | Killed a water moccasin
   323 | D        | Killed a crocodile
   323 | D        | Killed a porcupine
   324 | D        | Noticed a giant frog
   330 | D        | Killed a crocodile
   332 | D        | Killed a giant frog
   347 | D        | Noticed a giant frog
   347 | D        | Noticed a crocodile
   347 | D        | Noticed an elephant
   347 | D        | Noticed a water moccasin
   348 | D        | Killed a giant frog
   353 | D        | Noticed a catoblepas
   357 | D        | Received a gift from Trog
   358 | D        | Killed a crocodile
   358 | D        | Killed a water moccasin
   358 | D        | Reached skill level 15 in Evocations
   369 | D        | Noticed a crocodile
   373 | D        | Killed an elephant
   373 | D        | Killed a crocodile
   374 | D        | Killed a catoblepas
   374 | D        | Reached skill level 17 in Evocations
   374 | D        | Reached XP level 10. HP: 81/81 MP: 25/27
   390 | D        | Noticed an elephant
   390 | D        | Noticed an elephant
   390 | D        | Noticed a dire elephant
   390 | D        | Noticed an elephant
   390 | D        | Noticed an elephant
   390 | D        | Noticed a dire elephant
   390 | D        | Noticed an elephant
   393 | D        | Killed an elephant
   393 | D        | Reached skill level 18 in Evocations
   395 | D        | Killed a dire elephant
   395 | D        | Received a gift from Trog
   395 | D        | Reached skill level 19 in Evocations
   397 | D        | Killed an elephant
   398 | D        | Noticed an elephant
   402 | D        | Killed a dire elephant
   402 | D        | Reached skill level 20 in Evocations
   404 | D        | Killed an elephant
   404 | D        | Killed an elephant
   404 | D        | Reached skill level 21 in Evocations
   405 | D        | Killed an elephant
   413 | D        | Killed an elephant
   413 | D        | Reached skill level 22 in Evocations
   417 | D        | Received a gift from Trog
   506 | D        | Noticed Urug
   523 | D        | Killed Urug
   551 | D        | Noticed Harold
   554 | D        | Killed Harold
   554 | D        | Reached XP level 11. HP: 71/93 MP: 28/28
   593 | D        | Noticed an orc warrior
   593 | D        | Noticed an orc priest
   593 | D        | Noticed an orc wizard
   593 | D        | Noticed an orc warrior
   593 | D        | Noticed an orc priest
   593 | D        | Noticed an orc wizard
   595 | D        | Killed an orc warrior
   595 | D        | Killed an orc priest
   595 | D        | Killed an orc wizard
   595 | D        | Killed an orc warrior
   597 | D        | Noticed an orc priest
   599 | D        | Killed an orc priest
   603 | D        | Killed an orc wizard
   603 | D        | Received a gift from Trog
   603 | D        | Killed an orc priest
   603 | D        | Reached skill level 5 in Fighting
   605 | D        | Noticed an orc priest
   616 | D        | Killed an orc priest
   616 | D        | Received a gift from Trog
   636 | D        | Received a gift from Trog
   637 | D        | Got a polished battleaxe {god gift}
   649 | D        | Identified the +3 battleaxe of Responsibility {chop, rElec rPois+ rN+ SInv} (Trog gifted it to you in the Dungeon)
   662 | D        | Noticed an orc high priest
   662 | D        | Noticed an orc warrior
   662 | D        | Noticed an orc warrior
   662 | D        | Noticed an orc sorcerer
   662 | D        | Noticed an orc warrior
   662 | D        | Noticed an orc warrior
   662 | D        | Noticed an orc warrior
   665 | D        | Killed an orc warrior
   666 | D        | Noticed an orc warrior
   666 | D        | Killed an orc high priest
   666 | D        | Killed an orc warrior
   666 | D        | Killed an orc sorcerer
   666 | D        | Received a gift from Trog
   666 | D        | Reached skill level 5 in Throwing
   668 | D        | Killed an orc warrior
   669 | D        | Noticed an orc priest
   670 | D        | Noticed an orc knight
   672 | D        | Killed an orc warrior
   673 | D        | Noticed an orc warrior
   675 | D        | Killed an orc warrior
   676 | D        | Noticed an orc warrior
   677 | D        | Killed an orc warrior
   679 | D        | Killed an orc priest
   679 | D        | Killed an orc warrior
   680 | D        | Killed an orc knight
   680 | D        | Received a gift from Trog
   683 | D        | Killed an orc warrior
   721 | D        | Found Gaedwadgh's Magic Scroll Emporium.
   721 | D        | Noticed an orc high priest
   721 | D        | Noticed an orc high priest
   721 | D        | Noticed an orc sorcerer
   721 | D        | Noticed an orc sorcerer
   721 | D        | Noticed an orc high priest
   723 | D        | Noticed an ice devil
   723 | D        | Found Buwn's Distillery.
   723 | D        | Noticed an orc sorcerer
   725 | D        | Killed an orc high priest
   725 | D        | Received a gift from Trog
   725 | D        | Killed an orc sorcerer
   725 | D        | Killed an orc sorcerer
   728 | D        | Killed an orc high priest
   732 | D        | Reached skill level 10 in Fighting
   733 | D        | Killed an ice devil
   733 | D        | Killed an orc sorcerer
   746 | D        | Killed an orc high priest
   746 | D        | Received a gift from Trog
   750 | D        | Noticed an orc high priest
   752 | D        | Found Xurig's Magic Scroll Emporium.
   760 | D        | Killed an orc high priest
   761 | D        | Found Fraxolaz's Weapon Shoppe.
   762 | D        | Noticed an orc knight
   768 | D        | Noticed an orc knight
   778 | D        | Noticed an orc knight
   781 | D        | Killed an orc knight
   781 | D        | Received a gift from Trog
   785 | D        | Killed an orc knight
   786 | D        | Killed an orc knight
   786 | D        | Reached XP level 12. HP: 93/122 MP: 28/28
   808 | D        | Bought a scroll of fog for 22 gold pieces
   808 | D        | Bought a scroll of blinking for 82 gold pieces
   819 | D        | Bought a scroll of blinking for 97 gold pieces
   823 | D        | Bought a scroll of identify for 22 gold pieces
   823 | D        | Bought a scroll of enchant weapon for 82 gold pieces
   823 | D        | Bought a scroll of identify for 22 gold pieces
   823 | D        | Bought a scroll of identify for 22 gold pieces
   823 | D        | Bought a scroll of enchant armour for 82 gold pieces
   823 | D        | Bought a scroll of enchant armour for 82 gold pieces
   823 | D        | Bought a scroll of magic mapping for 38 gold pieces
   823 | D        | Bought a scroll of remove curse for 33 gold pieces
   823 | D        | Bought a scroll of immolation for 38 gold pieces
   823 | D        | Bought a scroll of vulnerability for 82 gold pieces
   826 | D        | Bought 2 potions of cure mutation for 700 gold pieces
   826 | D        | Bought a potion of haste for 100 gold pieces
   826 | D        | Bought a potion of heal wounds for 50 gold pieces
   826 | D        | Bought a potion of might for 40 gold pieces
   826 | D        | Bought a potion of mutation for 25 gold pieces
   826 | D        | Bought a potion of might for 40 gold pieces
   826 | D        | Bought a potion of restore abilities for 50 gold pieces
   826 | D        | Bought a potion of might for 40 gold pieces
   826 | D        | Bought a potion of restore abilities for 50 gold pieces
   828 | D        | Bought a scroll of recharging for 123 gold pieces
   847 | D        | Gained mutation: You tend to lose your temper in combat. [potion of mutation]
   847 | D        | Gained mutation: Your body is slowly deteriorating. [potion of mutation]
   847 | D        | Gained mutation: You are somewhat resistant to further mutation. [potion of mutation]
   848 | D        | Lost mutation: You are somewhat resistant to further mutation. [potion of cure mutation]
   848 | D        | Lost mutation: Your body is slowly deteriorating. [potion of cure mutation]
   848 | D        | Lost mutation: You tend to lose your temper in combat. [potion of cure mutation]
   866 | D        | Noticed Psyche
   868 | D        | Killed Psyche
   868 | D        | Received a gift from Trog
   878 | D        | Noticed Erolcha
   881 | D        | Killed Erolcha
   881 | D        | Reached skill level 10 in Throwing
   907 | D        | Noticed a wolf
   909 | D        | Killed a wolf
   913 | D        | Noticed Grum
   918 | D        | Noticed a wolf
   918 | D        | Killed Grum
   924 | D        | Killed a wolf
  1047 | D        | Noticed a mottled dragon
  1047 | D        | Noticed a fire dragon
  1047 | D        | Noticed a centaur warrior
  1047 | D        | Noticed a kobold demonologist
  1047 | D        | Noticed a centaur warrior
  1047 | D        | Noticed a brain worm
  1048 | D        | Killed a mottled dragon
  1048 | D        | Received a gift from Trog
  1049 | D        | Noticed a brain worm
  1058 | D        | Noticed a cyan ugly thing
  1060 | D        | Killed a kobold demonologist
  1060 | D        | Killed a centaur warrior
  1062 | D        | Noticed an ice dragon
  1062 | D        | Killed a centaur warrior
  1062 | D        | Killed a brain worm
  1062 | D        | Killed a brain worm
  1064 | D        | Killed a cyan ugly thing
  1064 | D        | Received a gift from Trog
  1067 | D        | Killed an ice dragon
  1068 | D        | Killed a fire dragon
  1069 | D        | Noticed a tengu conjurer
  1071 | D        | Killed a tengu conjurer
  1072 | D        | Noticed a deep elf summoner
  1074 | D        | Noticed a centaur warrior
  1074 | D        | Killed a deep elf summoner
  1075 | D        | Noticed a death yak
  1076 | D        | Noticed a lich
  1080 | D        | Killed a centaur warrior
  1080 | D        | Received a gift from Trog
  1081 | D        | Killed a death yak
  1089 | D        | Killed a lich
  1089 | D        | Received a gift from Trog
  1115 | D        | Received a gift from Trog
  1175 | D        | Noticed Louise
  1190 | D        | Killed Louise
  1190 | D        | Received a gift from Trog
  1276 | D        | Noticed a jumping spider
  1276 | D        | Noticed a wolf spider
  1276 | D        | Noticed an emperor scorpion
  1276 | D        | Noticed a scorpion
  1276 | D        | Noticed a jumping spider
  1276 | D        | Noticed a scorpion
  1277 | D        | Killed a jumping spider
  1279 | D        | Killed a jumping spider
  1280 | D        | Noticed a hornet
  1280 | D        | Killed a wolf spider
  1280 | D        | Reached skill level 15 in Fighting
  1280 | D        | Killed a scorpion
  1280 | D        | Killed a scorpion
  1282 | D        | Killed a hornet
  1283 | D        | Noticed a wolf spider
  1290 | D        | Killed an emperor scorpion
  1290 | D        | Reached XP level 13. HP: 109/139 MP: 27/27
  1294 | D        | Killed a wolf spider
  1294 | D        | Received a gift from Trog
  1310 | D        | Noticed a trapdoor spider
  1313 | D        | Killed a trapdoor spider
  1317 | D        | Noticed a vampire mosquito
  1317 | D        | Noticed a vampire mosquito
  1317 | D        | Noticed a giant leech
  1317 | D        | Noticed a water moccasin
  1317 | D        | Noticed a giant leech
  1318 | D        | Killed a water moccasin
  1319 | D        | Noticed a six-headed hydra
  1319 | D        | Killed a vampire mosquito
  1319 | D        | Killed a vampire mosquito
  1322 | D        | Killed a giant leech
  1322 | D        | Received a gift from Trog
  1322 | D        | Killed a giant leech
  1322 | D        | Received a gift from Trog
  1323 | D        | Killed a six-headed hydra
  1323 | D        | Reached skill level 15 in Throwing
  1325 | D        | Received a gift from Trog
  1350 | D        | Noticed a sea snake
  1350 | D        | Noticed a faun
  1350 | D        | Noticed a sea snake
  1350 | D        | Noticed a sea snake
  1350 | D        | Noticed a sea snake
  1350 | D        | Noticed a satyr
  1350 | D        | Noticed a snapping turtle
  1352 | D        | Killed a sea snake
  1352 | D        | Reached skill level 23 in Evocations
  1352 | D        | Killed a faun
  1353 | D        | Noticed a merfolk
  1353 | D        | Killed a sea snake
  1353 | D        | Killed a sea snake
  1355 | D        | Noticed a wind drake
  1359 | D        | Killed a sea snake
  1359 | D        | Received a gift from Trog
  1359 | D        | Reached skill level 24 in Evocations
  1360 | D        | Killed a satyr
  1360 | D        | Received a gift from Trog
  1363 | D        | Killed a snapping turtle
  1363 | D        | Killed a merfolk
  1363 | D        | Killed a wind drake
  1386 | D        | Noticed a salamander mystic
  1386 | D        | Noticed a salamander
  1386 | D        | Noticed a naga
  1386 | D        | Noticed a black mamba
  1386 | D        | Noticed a salamander
  1386 | D        | Noticed a naga
  1386 | D        | Noticed a mana viper
  1387 | D        | Noticed a naga
  1388 | D        | Killed a black mamba
  1388 | D        | Received a gift from Trog
  1389 | D        | Killed a naga
  1390 | D        | Killed a naga
  1390 | D        | Killed a naga
  1390 | D        | Reached skill level 25 in Evocations
  1392 | D        | Killed a salamander mystic
  1393 | D        | Noticed a naga ritualist
  1393 | D        | Killed a salamander
  1393 | D        | Received a gift from Trog
  1394 | D        | Killed a mana viper
  1397 | D        | Killed a salamander
  1397 | D        | Received a gift from Trog
  1398 | D        | Killed a naga ritualist
  1543 | D        | Noticed an ice dragon
  1543 | D        | Noticed a giant orange brain
  1543 | D        | Noticed a deep elf knight
  1543 | D        | Noticed a stone giant
  1543 | D        | Noticed a red very ugly thing
  1543 | D        | Noticed a stone giant
  1543 | D        | Noticed a great orb of eyes
  1544 | D        | Killed a deep elf knight
  1544 | D        | Received a gift from Trog
  1544 | D        | Reached skill level 26 in Evocations
  1545 | D        | Killed an ice dragon
  1545 | D        | Killed a giant orange brain
  1550 | D        | Noticed a stone giant
  1551 | D        | Noticed a hell knight
  1551 | D        | Killed a stone giant
  1551 | D        | Reached skill level 27 in Evocations
  1552 | D        | Killed a stone giant
  1553 | D        | Killed a red very ugly thing
  1554 | D        | Noticed a fire dragon
  1557 | D        | Noticed a stone giant
  1557 | D        | Killed a hell knight
  1558 | D        | Noticed an ettin
  1560 | D        | Killed a great orb of eyes
  1560 | D        | Received a gift from Trog
  1561 | D        | Noticed a death yak
  1562 | D        | Killed a stone giant
  1562 | D        | Reached skill level 10 in Dodging
  1563 | D        | Noticed a hill giant
  1564 | D        | Killed a stone giant
  1565 | D        | Killed a fire dragon
  1566 | D        | Noticed an ogre mage
  1567 | D        | Killed an ettin
  1568 | D        | Killed a death yak
  1568 | D        | Gained mutation: You resist negative energy. [level up]
  1568 | D        | Reached XP level 14. HP: 80/148 MP: 27/27
  1569 | D        | Killed a hill giant
  1569 | D        | Received a gift from Trog
  1572 | D        | Noticed a vampire mage
  1574 | D        | Killed an ogre mage
  1578 | D        | Noticed a white ugly thing
  1587 | D        | Killed a vampire mage
  1589 | D        | Killed a white ugly thing
  1608 | D        | Received a gift from Trog
  1612 | D        | Noticed a white ugly thing
  1616 | D        | Killed a white ugly thing
  1672 | D        | Noticed a vault sentinel
  1672 | D        | Noticed a deep elf knight
  1672 | D        | Noticed an ogre mage
  1672 | D        | Noticed an ironheart preserver
  1672 | D        | Noticed a vault sentinel
  1672 | D        | Noticed a centaur warrior
  1672 | D        | Noticed an ogre mage
  1674 | D        | Killed a vault sentinel
  1674 | D        | Killed a deep elf knight
  1674 | D        | Received a gift from Trog
  1674 | D        | Killed an ogre mage
  1675 | D        | Noticed a wraith
  1679 | D        | Killed an ironheart preserver
  1680 | D        | Noticed a hill giant
  1681 | D        | Noticed a fire drake
  1682 | D        | Killed a vault sentinel
  1682 | D        | a fire drake changed into a golden eye
  1683 | D        | Noticed a shadow wraith
  1683 | D        | Killed a centaur warrior
  1683 | D        | Reached skill level 15 in Armour
  1683 | D        | Killed a wraith
  1683 | D        | Killed a hill giant
  1683 | D        | Received a gift from Trog
  1684 | D        | Killed an ogre mage
  1687 | D        | Noticed a deep elf fighter
  1689 | D        | Noticed an ogre mage
  1692 | D        | Killed a shadow wraith
  1692 | D        | Killed a deep elf fighter
  1692 | D        | Received a gift from Trog
  1693 | D        | Noticed a vault warden
  1701 | D        | Killed a vault warden
  1702 | D        | Noticed an ironheart preserver
  1711 | D        | Killed an ironheart preserver
  1711 | D        | Killed an ogre mage
  1711 | D        | Received a gift from Trog
  1714 | D        | Noticed a boulder beetle
  1727 | D        | Killed a boulder beetle
  1732 | D        | Noticed a fire crab
  1740 | D        | Noticed an ironbrand convoker
  1742 | D        | Killed a fire crab
  1744 | D        | Noticed an ogre mage
  1744 | D        | Noticed a sphinx
  1745 | D        | Noticed a ynoxinul
  1747 | D        | Killed a sphinx
  1747 | D        | Received a gift from Trog
  1749 | D        | Noticed a guardian mummy
  1749 | D        | Killed an ogre mage
  1753 | D        | Noticed an ancient lich
  1753 | D        | Noticed a greater mummy
  1754 | D        | Noticed an ironbrand convoker
  1755 | D        | Killed a ynoxinul
  1758 | D        | Killed an ironbrand convoker
  1758 | D        | Received a gift from Trog
  1758 | D        | Killed an ironbrand convoker
  1759 | D        | Noticed an Orb Guardian
  1761 | D        | Killed a guardian mummy
  1762 | D        | Noticed a spriggan baker
  1764 | D        | Killed a greater mummy
  1764 | D        | Killed a spriggan baker
  1765 | D        | Killed an ancient lich
  1766 | D        | Killed an Orb Guardian
  1766 | D        | Received a gift from Trog
  1774 | D        | Received a gift from Trog
  1778 | D        | Noticed a deep elf priest
  1781 | D        | Killed a deep elf priest
  1781 | D        | Reached XP level 15. HP: 107/154 MP: 25/25
  1787 | D        | Received a gift from Trog
  1826 | D        | Noticed Mara
  1835 | D        | Noticed BluebellGnoll's illusion
  1845 | D        | Killed Mara
  1878 | D        | Noticed Frederick
  1965 | D        | Killed Frederick
  1994 | D        | Noticed Norris
  2024 | D        | Killed Norris
  2048 | D        | Noticed Boris
  2051 | D        | Noticed Xtahua
  2053 | D        | Noticed Mennas
  2057 | D        | Killed Boris
  2064 | D        | Killed Xtahua
  2073 | D        | Noticed Nikola
  2077 | D        | Killed Mennas
  2077 | D        | Received a gift from Trog
  2078 | D        | Noticed Jory
  2083 | D        | Killed Jory
  2083 | D        | Killed a hell knight
  2086 | D        | Killed Nikola
  2089 | D        | Got a fine triple sword {god gift}
  2098 | D        | Noticed Margery
  2099 | D        | Noticed a hell knight
  2101 | D        | Noticed a hell knight
  2104 | D        | Noticed a hell knight
  2106 | D        | Killed Margery
  2109 | D        | Noticed a hell knight
  2111 | D        | Killed a hell knight
  2111 | D        | Received a gift from Trog
  2114 | D        | Killed a hell knight
  2114 | D        | Received a gift from Trog
  2122 | D        | Killed a hell knight
  2126 | D        | Killed a hell knight
  2168 | D        | Noticed a necromancer
  2175 | D        | Killed a necromancer
  2175 | D        | Received a gift from Trog
  2253 | D        | Identified the +7 triple sword "Pling" {holy, *Rage rElec HP+9 Str+2 Dex+2} (Trog gifted it to you in the Dungeon)
  2525 | D        | Noticed an emperor scorpion
  2525 | D        | Noticed a ghost moth
  2525 | D        | Noticed a ghost moth
  2525 | D        | Noticed a ghost moth
  2525 | D        | Noticed a jumping spider
  2525 | D        | Noticed a ghost moth
  2525 | D        | Noticed a ghost moth
  2527 | D        | Killed a ghost moth
  2529 | D        | Killed a ghost moth
  2529 | D        | Reached skill level 15 in Dodging
  2530 | D        | Killed a ghost moth
  2531 | D        | Noticed a moth of wrath
  2535 | D        | Killed a ghost moth
  2535 | D        | Killed a moth of wrath
  2535 | D        | Received a gift from Trog
  2536 | D        | Killed an emperor scorpion
  2537 | D        | Killed a ghost moth
  2539 | D        | Noticed an emperor scorpion
  2542 | D        | Killed a jumping spider
  2551 | D        | Noticed an emperor scorpion
  2552 | D        | Noticed an emperor scorpion
  2553 | D        | Noticed an emperor scorpion
  2554 | D        | Noticed a jumping spider
  2562 | D        | Killed a jumping spider
  2563 | D        | Killed an emperor scorpion
  2570 | D        | Killed an emperor scorpion
  2570 | D        | Received a gift from Trog
  2574 | D        | Killed an emperor scorpion
  2574 | D        | Reached XP level 16. HP: 158/171 MP: 23/23
  2577 | D        | Killed an emperor scorpion
  2581 | D        | Got a gossamer rune of Zot
  2609 | D        | Got a brightly glowing longbow {god gift}
  2610 | D        | Identified the +2 longbow of the Evening {velocity, rN++ Stlth+} (Trog gifted it to you in the Dungeon)
  2768 | D        | Noticed a merfolk javelineer
  2768 | D        | Noticed a merfolk javelineer
  2768 | D        | Noticed a merfolk aquamancer
  2768 | D        | Noticed a merfolk impaler
  2768 | D        | Noticed a merfolk impaler
  2768 | D        | Noticed a merfolk
  2768 | D        | Noticed Ilsuiw
  2770 | D        | Noticed a merfolk javelineer
  2771 | D        | Killed a merfolk aquamancer
  2772 | D        | Killed a merfolk javelineer
  2772 | D        | Killed a merfolk javelineer
  2772 | D        | Received a gift from Trog
  2772 | D        | Killed a merfolk impaler
  2773 | D        | Noticed a merfolk javelineer
  2776 | D        | Noticed a merfolk javelineer
  2776 | D        | Killed a merfolk impaler
  2778 | D        | Killed Ilsuiw
  2778 | D        | Killed a merfolk javelineer
  2779 | D        | Noticed a merfolk impaler
  2781 | D        | Noticed a merfolk impaler
  2781 | D        | Killed a merfolk javelineer
  2781 | D        | Killed a merfolk
  2783 | D        | Noticed a merfolk impaler
  2784 | D        | Killed a merfolk impaler
  2784 | D        | Received a gift from Trog
  2786 | D        | Killed a merfolk javelineer
  2786 | D        | Killed a merfolk impaler
  2786 | D        | Reached skill level 27 in Armour
  2792 | D        | Killed a merfolk impaler
  2839 | D        | Received a gift from Trog
  2843 | D        | Got a barnacled rune of Zot
  2903 | D        | Noticed a swamp dragon
  2903 | D        | Noticed a six-headed hydra
  2903 | D        | Noticed a six-headed hydra
  2903 | D        | Noticed a four-headed hydra
  2903 | D        | Noticed an eight-headed hydra
  2903 | D        | Noticed a seven-headed hydra
  2903 | D        | Noticed a spiny frog
  2904 | D        | Noticed a swamp dragon
  2906 | D        | Killed a swamp dragon
  2906 | D        | Killed a six-headed hydra
  2906 | D        | Killed a six-headed hydra
  2909 | D        | Killed a four-headed hydra
  2912 | D        | Killed an eight-headed hydra
  2913 | D        | Noticed a swamp drake
  2913 | D        | Killed a spiny frog
  2917 | D        | Killed a seven-headed hydra
  2919 | D        | Killed a swamp dragon
  2920 | D        | Noticed a five-headed hydra
  2921 | D        | Killed a swamp drake
  2922 | D        | Noticed a six-headed hydra
  2925 | D        | Noticed an eight-headed hydra
  2925 | D        | Killed a five-headed hydra
  2925 | D        | Received a gift from Trog
  2927 | D        | Noticed a six-headed hydra
  2927 | D        | Killed a six-headed hydra
  2931 | D        | Killed an eight-headed hydra
  2937 | D        | Killed a six-headed hydra
  2957 | D        | Received a gift from Trog
  2967 | D        | Got a decaying rune of Zot
  2978 | D        | Noticed a naga
  2978 | D        | Noticed a naga warrior
  2978 | D        | Noticed a guardian serpent
  2978 | D        | Noticed a greater naga
  2978 | D        | Noticed a naga mage
  2978 | D        | Noticed a naga mage
  2978 | D        | Noticed a greater naga
  2979 | D        | Killed a naga
  2981 | D        | Killed a naga mage
  2983 | D        | Killed a guardian serpent
  2983 | D        | Killed a naga mage
  2983 | D        | Received a gift from Trog
  2985 | D        | Noticed a naga
  2985 | D        | Killed a naga warrior
  2987 | D        | Killed a greater naga
  2987 | D        | Received a gift from Trog
  2989 | D        | Killed a greater naga
  2989 | D        | Received a gift from Trog
  2990 | D        | Noticed a naga
  2991 | D        | Killed a naga
  2992 | D        | Killed a naga
  2994 | D        | Noticed a greater naga
  2999 | D        | Killed a greater naga
  3000 | D        | Noticed a naga
  3000 | D        | Killed a naga
  3008 | D        | Received a gift from Trog
  3012 | D        | Noticed a guardian serpent
  3014 | D        | Killed a guardian serpent
  3017 | D        | Noticed a naga
  3022 | D        | Killed a naga
  3031 | D        | Got a serpentine rune of Zot
  3035 | D        | Received a gift from Trog
  3036 | D        | Got a steaming broad axe {god gift}
  3051 | D        | Identified the +11 broad axe "Mnanun" {chop, Contam +Fly rC+ rN- MR+ SInv} (Trog gifted it to you in the Dungeon)
  3145 | D        | Noticed a vault guard
  3145 | D        | Noticed a vault guard
  3145 | D        | Noticed a vault guard
  3145 | D        | Noticed a vault guard
  3145 | D        | Noticed a vault guard
  3145 | D        | Noticed a vault guard
  3145 | D        | Noticed a vault guard
  3147 | D        | Killed a vault guard
  3148 | D        | Killed a vault guard
  3148 | D        | Reached skill level 5 in Shields
  3149 | D        | Killed a vault guard
  3150 | D        | Killed a vault guard
  3151 | D        | Noticed a vault guard
  3152 | D        | Killed a vault guard
  3156 | D        | Killed a vault guard
  3161 | D        | Noticed a vault guard
  3161 | D        | Killed a vault guard
  3161 | D        | Received a gift from Trog
  3161 | D        | Reached skill level 10 in Shields
  3164 | D        | Noticed a vault guard
  3166 | D        | Killed a vault guard
  3175 | D        | Killed a vault guard
  3175 | D        | Received a gift from Trog
  3182 | D        | Killed a vault guard
  3191 | D        | Noticed a vault guard
  3196 | D        | Noticed a vault guard
  3197 | D        | Killed a vault guard
  3199 | D        | Noticed a vault guard
  3208 | D        | Killed a vault guard
  3217 | D        | Killed a vault guard
  3217 | D        | Received a gift from Trog
  3226 | D        | Noticed a vault guard
  3229 | D        | Noticed a vault guard
  3232 | D        | Killed a vault guard
  3240 | D        | Killed a vault guard
  3251 | D        | Noticed a vault guard
  3254 | D        | Noticed a vault guard
  3258 | D        | Killed a vault guard
  3258 | D        | Received a gift from Trog
  3258 | D        | Reached skill level 15 in Shields
  3261 | D        | Noticed a vault guard
  3268 | D        | Noticed a vault guard
  3268 | D        | Killed a vault guard
  3271 | D        | Killed a vault guard
  3271 | D        | Received a gift from Trog
  3275 | D        | Killed a vault guard
  3275 | D        | Received a gift from Trog
  3278 | D        | Noticed a vault guard
  3280 | D        | Killed a vault guard
  3294 | D        | Noticed a vault guard
  3295 | D        | Noticed a vault guard
  3299 | D        | Killed a vault guard
  3299 | D        | Received a gift from Trog
  3301 | D        | Noticed a vault guard
  3303 | D        | Killed a vault guard
  3307 | D        | Killed a vault guard
  3308 | D        | Noticed a vault guard
  3318 | D        | Killed a vault guard
  3320 | D        | Noticed a vault guard
  3329 | D        | Killed a vault guard
  3329 | D        | Reached XP level 17. HP: 184/184 MP: 22/22
  3359 | D        | Noticed an ironbrand convoker
  3359 | D        | Noticed a boulder beetle
  3359 | D        | Noticed a red very ugly thing
  3359 | D        | Noticed a stone giant
  3359 | D        | Noticed a deep troll
  3359 | D        | Noticed a quicksilver dragon
  3359 | D        | Noticed an ironbrand convoker
  3361 | D        | Killed an ironbrand convoker
  3361 | D        | Received a gift from Trog
  3363 | D        | Killed a stone giant
  3363 | D        | Received a gift from Trog
  3364 | D        | Killed a boulder beetle
  3367 | D        | Killed an ironbrand convoker
  3369 | D        | Noticed a stone giant
  3369 | D        | Killed a red very ugly thing
  3373 | D        | Noticed a boulder beetle
  3373 | D        | Killed a deep troll
  3373 | D        | Killed a stone giant
  3373 | D        | Received a gift from Trog
  3374 | D        | Killed a quicksilver dragon
  3377 | D        | Noticed a sphinx
  3379 | D        | Killed a boulder beetle
  3383 | D        | Killed a sphinx
  3387 | D        | Noticed a shadow dragon
  3394 | D        | Killed a shadow dragon
  3399 | D        | Noticed a shadow dragon
  3404 | D        | Received a gift from Trog
  3413 | D        | Noticed an ogre mage
  3416 | D        | Killed a shadow dragon
  3418 | D        | Killed an ogre mage
  3430 | D        | Received a gift from Trog
  3435 | D        | Received a gift from Trog
  3440 | D        | Noticed a great orb of eyes
  3444 | D        | Killed a great orb of eyes
  3445 | D        | Noticed a redback
  3450 | D        | Killed a redback
  3486 | D        | Got a polished scale mail
  3497 | D        | Identified the +3 scale mail of Cluyzxooho {rCorr} (You found it in the Dungeon)
  3560 | D        | Noticed a brown very ugly thing
  3560 | D        | Noticed a shadow dragon
  3560 | D        | Noticed an anaconda
  3560 | D        | Noticed a vault sentinel
  3560 | D        | Noticed an ancient lich
  3560 | D        | Noticed a shadow dragon
  3560 | D        | Noticed a yaktaur
  3563 | D        | Killed a vault sentinel
  3563 | D        | an anaconda changed into a water nymph
  3564 | D        | Killed a shadow dragon
  3565 | D        | Killed a brown very ugly thing
  3565 | D        | Received a gift from Trog
  3565 | D        | Killed a yaktaur
  3566 | D        | Noticed a shadow dragon
  3568 | D        | Killed an ancient lich
  3573 | D        | Killed a shadow dragon
  3577 | D        | Noticed a lich
  3583 | D        | Killed a shadow dragon
  3583 | D        | Received a gift from Trog
  3585 | D        | Killed a lich
  3602 | D        | Got a silver rune of Zot
  3699 | D        | Got the amulet of Egalitarianism {Ward +Fly rElec rF+ rN+}
  3702 | D        | Got the ring of Abstinence {*Rage +Inv EV+3 Str+5 Int+4}
  3705 | D        | Got the amulet of Jear {rCorr rPois+ rF++ MR- HP+9 MP+9 Stlth+}
  3707 | D        | Got the ring "Klusub" {+Fly Int+3 Dex+4 Slay+6}
  3710 | D        | Got the amulet of Waizxauz {Faith +Rage +Fly MR++}
  3753 | D        | Identified a +0 pair of boots of running (You found it in the Dungeon)
  3756 | D        | Got the +0 pair of gloves of the Pirate {HP+9 Int+3}
  3910 | D        | Noticed a centaur warrior
  3910 | D        | Noticed a mottled dragon
  3910 | D        | Noticed a wind drake
  3910 | D        | Noticed an ice beast
  3910 | D        | Noticed a manticore
  3910 | D        | Noticed a shadow
  3911 | D        | Killed a centaur warrior
  3911 | D        | Killed a mottled dragon
  3913 | D        | Killed an ice beast
  3914 | D        | Noticed a hippogriff
  3914 | D        | Killed a hippogriff
  3915 | D        | Killed a wind drake
  3915 | D        | Received a gift from Trog
  3917 | D        | Killed a shadow
  3918 | D        | Killed a manticore
  3920 | D        | Noticed a giant frog
  3920 | D        | Killed a giant frog
  3920 | D        | Received a gift from Trog
  3928 | D        | Received a gift from Trog
  3941 | D        | Received a gift from Trog
  4104 | D        | Got an encrusted war axe {god gift}
  4105 | D        | Identified the +6 war axe "Dieteykk" {freeze, +Blink rF+ HP-9 SInv Stlth-} (Trog gifted it to you in the Dungeon)
  4106 | D        | Gained mutation: You have a pair of small antennae on your head. [mutagenic glow]
  4405 | D        | Gained mutation: Armour fits poorly on your strangely shaped body. [mutagenic glow]
  4668 | D        | Noticed a fire dragon
  4668 | D        | Noticed an ice dragon
  4668 | D        | Noticed a pale draconian
  4668 | D        | Noticed an ice dragon
  4668 | D        | Noticed a fire dragon
  4668 | D        | Noticed a mottled dragon
  4668 | D        | Noticed a red draconian
  4670 | D        | Killed a fire dragon
  4671 | D        | Killed a mottled dragon
  4673 | D        | Killed an ice dragon
  4674 | D        | Noticed a red draconian
  4675 | D        | Killed an ice dragon
  4675 | D        | Killed a pale draconian
  4676 | D        | Noticed a fire dragon
  4680 | D        | Noticed a mottled draconian
  4680 | D        | Killed a fire dragon
  4680 | D        | Received a gift from Trog
  4681 | D        | Killed a red draconian
  4683 | D        | Killed a red draconian
  4685 | D        | Noticed a green draconian
  4688 | D        | Killed a fire dragon
  4692 | D        | Killed a mottled draconian
  4695 | D        | Noticed a purple draconian
  4697 | D        | Killed a green draconian
  4702 | D        | Killed a purple draconian
  4711 | D        | Received a gift from Trog
  4714 | D        | Received a gift from Trog
  4810 | D        | Noticed a tentacled monstrosity
  4810 | D        | Noticed a red draconian
  4810 | D        | Noticed a purple draconian
  4810 | D        | Noticed a black draconian
  4810 | D        | Noticed a death cob
  4810 | D        | Noticed a mottled draconian zealot
  4810 | D        | Noticed a pale draconian
  4817 | D        | Killed a tentacled monstrosity
  4817 | D        | Reached skill level 27 in Fighting
  4818 | D        | Killed a red draconian
  4824 | D        | Killed a purple draconian
  4827 | D        | Killed a black draconian
  4827 | D        | Received a gift from Trog
  4838 | D        | Killed a death cob
  4842 | D        | Killed a mottled draconian zealot
  4842 | D        | Received a gift from Trog
  4852 | D        | Killed a pale draconian
  4852 | D        | Received a gift from Trog
  4875 | D        | Noticed a tentacled monstrosity
  4875 | D        | Noticed a mottled draconian scorcher
  4875 | D        | Noticed a black draconian
  4875 | D        | Noticed a yellow draconian knight
  4875 | D        | Noticed a grey draconian zealot
  4875 | D        | Noticed an ice dragon
  4875 | D        | Noticed a green draconian zealot
  4881 | D        | Killed a tentacled monstrosity
  4882 | D        | Killed a mottled draconian scorcher
  4891 | D        | Killed a yellow draconian knight
  4891 | D        | Received a gift from Trog
  4894 | D        | Killed a grey draconian zealot
  4895 | D        | Killed an ice dragon
  4897 | D        | Killed a black draconian
  4900 | D        | Killed a green draconian zealot
  4901 | D        | Noticed a moth of wrath
  4902 | D        | Killed a moth of wrath
  4913 | D        | Received a gift from Trog
  4984 | D        | Noticed a black draconian
  4984 | D        | Noticed a purple draconian
  4984 | D        | Noticed a storm dragon
  4984 | D        | Noticed a tentacled monstrosity
  4984 | D        | Noticed a mottled draconian scorcher
  4984 | D        | Noticed a Killer Klown
  4984 | D        | Noticed a moth of wrath
  4987 | D        | Killed a mottled draconian scorcher
  4988 | D        | Killed a purple draconian
  4988 | D        | Killed a storm dragon
  4988 | D        | Gained mutation: You passively map a large area around you. [level up]
  4988 | D        | Reached XP level 18. HP: 164/216 MP: 22/22
  4988 | D        | Killed a tentacled monstrosity
  4988 | D        | Received a gift from Trog
  4988 | D        | Killed a moth of wrath
  4989 | D        | Noticed a purple draconian
  4989 | D        | Killed a black draconian
  4989 | D        | Received a gift from Trog
  4990 | D        | Noticed a pale draconian
  4993 | D        | Killed a Killer Klown
  4995 | D        | Killed a purple draconian
  4995 | D        | Received a gift from Trog
  5004 | D        | Killed a pale draconian
  5029 | D        | Received a gift from Trog
  5099 | D        | Noticed a grey draconian scorcher
  5099 | D        | Noticed a tentacled monstrosity
  5099 | D        | Noticed a purple draconian
  5099 | D        | Noticed an ice dragon
  5099 | D        | Noticed a grey draconian
  5099 | D        | Noticed a black draconian zealot
  5099 | D        | Noticed a fire dragon
  5100 | D        | Noticed a storm dragon
  5106 | D        | Killed a grey draconian scorcher
  5106 | D        | Received a gift from Trog
  5109 | D        | Killed a tentacled monstrosity
  5112 | D        | Killed a purple draconian
  5113 | D        | Killed an ice dragon
  5119 | D        | Noticed a storm dragon
  5121 | D        | Killed a grey draconian
  5121 | D        | Received a gift from Trog
  5123 | D        | Killed a black draconian zealot
  5129 | D        | Killed a storm dragon
  5136 | D        | Killed a storm dragon
  5138 | D        | Killed a fire dragon
  5298 | D        | Noticed an Orb Guardian
  5298 | D        | Noticed an Orb Guardian
  5298 | D        | Noticed an Orb Guardian
  5298 | D        | Noticed an Orb Guardian
  5298 | D        | Noticed an Orb Guardian
  5298 | D        | Noticed an Orb Guardian
  5298 | D        | Noticed an Orb Guardian
  5301 | D        | Killed an Orb Guardian
  5302 | D        | Killed an Orb Guardian
  5302 | D        | Killed an Orb Guardian
  5303 | D        | Noticed an Orb Guardian
  5306 | D        | Killed an Orb Guardian
  5306 | D        | Received a gift from Trog
  5313 | D        | Killed an Orb Guardian
  5317 | D        | Killed an Orb Guardian
  5320 | D        | Killed an Orb Guardian
  5324 | D        | Killed an Orb Guardian
  5328 | D        | Noticed an Orb Guardian
  5333 | D        | Killed an Orb Guardian
  5463 | D        | Noticed a Killer Klown
  5463 | D        | Noticed a ghost moth
  5463 | D        | Noticed an Orb Guardian
  5463 | D        | Noticed an Orb Guardian
  5463 | D        | Noticed a moth of wrath
  5463 | D        | Noticed a fire dragon
  5463 | D        | Noticed an Orb Guardian
  5465 | D        | Killed a ghost moth
  5466 | D        | Killed an Orb Guardian
  5466 | D        | Received a gift from Trog
  5468 | D        | Killed a Killer Klown
  5468 | D        | Killed an Orb Guardian
  5468 | D        | Killed a moth of wrath
  5472 | D        | Killed a fire dragon
  5474 | D        | Noticed an Orb Guardian
  5474 | D        | Killed an Orb Guardian
  5481 | D        | Killed an Orb Guardian
  5481 | D        | Received a gift from Trog
  5503 | D        | Noticed an ancient lich
  5518 | D        | Killed an ancient lich
  5521 | D        | Noticed an orb of fire
  5528 | D        | Killed an orb of fire
  5528 | D        | Reached XP level 19. HP: 224/224 MP: 20/20
  5531 | D        | Noticed an electric golem
  5544 | D        | Killed an electric golem
  5544 | D        | Reached skill level 27 in Shields
  5707 | D        | Noticed a moth of wrath
  5707 | D        | Noticed an electric golem
  5707 | D        | Noticed an orb of fire
  5707 | D        | Noticed a moth of wrath
  5707 | D        | Noticed an Orb Guardian
  5707 | D        | Noticed a storm dragon
  5707 | D        | Noticed a Killer Klown
  5708 | D        | Noticed an orb of fire
  5711 | D        | Killed a moth of wrath
  5714 | D        | Killed a moth of wrath
  5714 | D        | Killed a storm dragon
  5719 | D        | Killed a Killer Klown
  5720 | D        | Killed an electric golem
  5720 | D        | Killed an Orb Guardian
  5720 | D        | Received a gift from Trog
  5720 | D        | Killed an orb of fire
  5721 | D        | Noticed an Orb Guardian
  5725 | D        | Killed an orb of fire
  5729 | D        | Noticed a yellow draconian monk
  5730 | D        | Killed an Orb Guardian
  5731 | D        | Killed a yellow draconian monk
  5742 | D        | Noticed a golden dragon
  5746 | D        | Noticed a pale draconian annihilator
  5746 | D        | Killed a golden dragon
  5746 | D        | Reached skill level 27 in Dodging
  5749 | D        | Killed a pale draconian annihilator
  5753 | D        | Noticed a golden dragon
  5757 | D        | Killed a golden dragon
  5760 | D        | Received a gift from Trog
  5874 | D        | Noticed an Orb Guardian
  5874 | D        | Noticed an Orb Guardian
  5874 | D        | Noticed an Orb Guardian
  5874 | D        | Noticed an Orb Guardian
  5874 | D        | Noticed an Orb Guardian
  5874 | D        | Noticed an Orb Guardian
  5874 | D        | Noticed a moth of wrath
  5878 | D        | Killed an Orb Guardian
  5878 | D        | Killed an Orb Guardian
  5879 | D        | Killed an Orb Guardian
  5879 | D        | Reached skill level 27 in Axes
  5879 | D        | Killed an Orb Guardian
  5879 | D        | Killed an Orb Guardian
  5882 | D        | Killed a moth of wrath
  5882 | D        | Received a gift from Trog
  5884 | D        | Killed an Orb Guardian
  5885 | D        | Noticed an Orb Guardian
  5888 | D        | Noticed an Orb Guardian
  5890 | D        | Noticed an Orb Guardian
  5890 | D        | Killed an Orb Guardian
  5892 | D        | Killed an Orb Guardian
  5895 | D        | Killed an Orb Guardian
  5895 | D        | Received a gift from Trog
  5904 | D        | Noticed an Orb Guardian
  5908 | D        | Noticed an Orb Guardian
  5910 | D        | Noticed a moth of wrath
  5911 | D        | Killed an Orb Guardian
  5915 | D        | Killed a moth of wrath
  5918 | D        | Killed an Orb Guardian
  5924 | D        | Noticed an Orb Guardian
  5927 | D        | Killed an Orb Guardian
  6020 | D        | Noticed a vampire knight
  6020 | D        | Noticed a vampire knight
  6020 | D        | Noticed an ancient lich
  6020 | D        | Noticed a vampire knight
  6020 | D        | Noticed a lich
  6020 | D        | Noticed a lich
  6020 | D        | Noticed a vampire knight
  6023 | D        | Killed a vampire knight
  6024 | D        | Killed a vampire knight
  6024 | D        | Received a gift from Trog
  6024 | D        | Killed a vampire knight
  6025 | D        | Noticed a vampire knight
  6025 | D        | Killed a lich
  6027 | D        | Killed a lich
  6027 | D        | Reached skill level 27 in Throwing
  6027 | D        | Reached skill level 5 in Stealth
  6028 | D        | Noticed a vampire knight
  6028 | D        | Killed a vampire knight
  6029 | D        | Killed an ancient lich
  6029 | D        | Reached XP level 20. HP: 234/234 MP: 18/18
  6031 | D        | Killed a vampire knight
  6031 | D        | Received a gift from Trog
  6032 | D        | Killed a vampire knight
  6032 | D        | Reached skill level 15 in Stealth
  6035 | D        | Noticed a lich
  6038 | D        | Noticed a vampire knight
  6041 | D        | Killed a lich
  6046 | D        | Killed a vampire knight
  6111 | D        | Killed a spriggan baker
  6111 | D        | Killed a spriggan baker
  6119 | D        | Noticed a spriggan baker
  6122 | D        | Killed a spriggan baker
  6122 | D        | Received a gift from Trog
  6124 | D        | Noticed a spriggan baker
  6125 | D        | Killed a spriggan baker
  6127 | D        | Noticed a spriggan baker
  6127 | D        | Killed a spriggan baker
  6135 | D        | Noticed a spriggan baker
  6136 | D        | Killed a spriggan baker
  6137 | D        | Noticed a spriggan baker
  6137 | D        | Killed a spriggan baker
  6139 | D        | Noticed a spriggan baker
  6140 | D        | Killed a spriggan baker
  6166 | D        | Noticed a spriggan baker
  6167 | D        | Killed a spriggan baker
  6168 | D        | Noticed a spriggan baker
  6170 | D        | Killed a spriggan baker
  6186 | D        | Received a gift from Trog
  6196 | D        | Received a gift from Trog
  6211 | D        | Noticed a deep elf blademaster
  6211 | D        | Noticed a deep elf demonologist
  6211 | D        | Noticed a deep elf demonologist
  6211 | D        | Noticed a deep elf annihilator
  6211 | D        | Noticed a deep elf sorcerer
  6211 | D        | Noticed a deep elf annihilator
  6211 | D        | Noticed a deep elf blademaster
  6212 | D        | Killed a deep elf demonologist
  6212 | D        | Received a gift from Trog
  6213 | D        | Killed a deep elf blademaster
  6213 | D        | Killed a deep elf annihilator
  6214 | D        | Killed a deep elf demonologist
  6215 | D        | Noticed a deep elf blademaster
  6216 | D        | Killed a deep elf annihilator
  6216 | D        | Received a gift from Trog
  6216 | D        | Killed a deep elf sorcerer
  6219 | D        | Killed a deep elf blademaster
  6227 | D        | Noticed a deep elf blademaster
  6229 | D        | Killed a deep elf blademaster
  6237 | D        | Killed a deep elf blademaster
  6241 | D        | Received a gift from Trog
  6242 | D        | Noticed a deep elf master archer
  6245 | D        | Killed a deep elf master archer
  6247 | D        | Received a gift from Trog
  6248 | D        | Noticed a deep elf annihilator
  6251 | D        | Noticed a deep elf high priest
  6252 | D        | Killed a deep elf annihilator
  6252 | D        | Received a gift from Trog
  6253 | D        | Killed a deep elf high priest
  6254 | D        | Noticed a deep elf demonologist
  6256 | D        | Killed a deep elf demonologist
  6259 | D        | Noticed a deep elf death mage
  6260 | D        | Killed a deep elf death mage
  6260 | D        | Received a gift from Trog
  6268 | D        | Got an elven rune of Zot
  6416 | D        | Noticed a sphinx
  6416 | D        | Noticed a sphinx
  6416 | D        | Noticed a sphinx
  6416 | D        | Noticed a sphinx
  6416 | D        | Noticed a sphinx
  6416 | D        | Noticed a sphinx
  6416 | D        | Noticed a sphinx
  6420 | D        | Killed a sphinx
  6420 | D        | Received a gift from Trog
  6424 | D        | Killed a sphinx
  6428 | D        | Killed a sphinx
  6429 | D        | Noticed a sphinx
  6435 | D        | Killed a sphinx
  6435 | D        | Received a gift from Trog
  6438 | D        | Noticed a sphinx
  6441 | D        | Killed a sphinx
  6441 | D        | Received a gift from Trog
  6441 | D        | Reached skill level 27 in Stealth
  6443 | D        | Noticed a sphinx
  6447 | D        | Killed a sphinx
  6449 | D        | Killed a sphinx
  6449 | D        | Received a gift from Trog
  6450 | D        | Noticed a sphinx
  6454 | D        | Killed a sphinx
  6454 | D        | Received a gift from Trog
  6460 | D        | Killed a sphinx
  6465 | D        | Killed a sphinx
  6465 | D        | Reached skill level 10 in Spellcasting
  6471 | D        | Killed a sphinx
  6477 | D        | Noticed a guardian mummy
  6477 | D        | Noticed a guardian mummy
  6477 | D        | Noticed a guardian mummy
  6477 | D        | Noticed a guardian mummy
  6477 | D        | Noticed a guardian mummy
  6477 | D        | Noticed a guardian mummy
  6478 | D        | Noticed a guardian mummy
  6480 | D        | Killed a guardian mummy
  6480 | D        | Killed a guardian mummy
  6480 | D        | Killed a guardian mummy
  6480 | D        | Killed a guardian mummy
  6486 | D        | Noticed a guardian mummy
  6487 | D        | Killed a guardian mummy
  6488 | D        | Noticed a guardian mummy
  6491 | D        | Killed a guardian mummy
  6495 | D        | Killed a guardian mummy
  6497 | D        | Killed a guardian mummy
  6499 | D        | Killed a guardian mummy
  6517 | D        | Received a gift from Trog
  6591 | D        | Noticed a guardian mummy
  6591 | D        | Noticed a guardian mummy
  6591 | D        | Noticed a guardian mummy
  6591 | D        | Noticed a mummy priest
  6591 | D        | Noticed a greater mummy
  6591 | D        | Noticed a guardian mummy
  6591 | D        | Noticed a guardian mummy
  6592 | D        | Noticed a greater mummy
  6594 | D        | Killed a guardian mummy
  6596 | D        | Killed a guardian mummy
  6599 | D        | Killed a guardian mummy
  6600 | D        | Noticed a mummy priest
  6603 | D        | Killed a mummy priest
  6604 | D        | Killed a guardian mummy
  6604 | D        | Killed a guardian mummy
  6607 | D        | Killed a mummy priest
  6611 | D        | Killed a greater mummy
  6611 | D        | Killed a greater mummy
  6838 | D        | Noticed an acid blob
  6838 | D        | Noticed a death ooze
  6838 | D        | Noticed an eye of draining
  6838 | D        | Noticed an acid blob
  6838 | D        | Noticed an acid blob
  6838 | D        | Noticed an acid blob
  6839 | D        | Noticed an azure jelly
  6841 | D        | Killed an acid blob
  6841 | D        | Reached skill level 5 in Long Blades
  6842 | D        | Noticed an eye of draining
  6843 | D        | Killed a death ooze
  6844 | D        | Noticed the royal jelly
  6845 | D        | Killed an eye of draining
  6846 | D        | Noticed an acid blob
  6849 | D        | Paralysed by a giant eyeball for 3 turns
  6854 | D        | Killed an acid blob
  6857 | D        | Killed an acid blob
  6857 | D        | Reached skill level 10 in Long Blades
  6857 | D        | Killed an azure jelly
  6857 | D        | Killed an acid blob
  6857 | D        | Received a gift from Trog
  6858 | D        | Noticed an acid blob
  6859 | D        | Killed an eye of draining
  6865 | D        | Killed an acid blob
  6865 | D        | Received a gift from Trog
  6866 | D        | Killed an acid blob
  6868 | D        | Killed the royal jelly
  6868 | D        | Reached XP level 21. HP: 240/240 MP: 1/16
  7033 | D        | Noticed an eye of draining
  7039 | D        | Noticed an acid blob
  7039 | D        | Killed an eye of draining
  7041 | D        | Noticed an azure jelly
  7047 | D        | Killed an acid blob
  7052 | D        | Killed an azure jelly
  7054 | D        | Noticed an acid blob
  7057 | D        | Noticed an azure jelly
  7063 | D        | Killed an acid blob
  7063 | D        | Received a gift from Trog
  7067 | D        | Killed an azure jelly
  7075 | D        | Got a slimy rune of Zot
  7136 | D        | Noticed an azure jelly
  7153 | D        | Killed an azure jelly
  7212 | D        | Noticed a greater mummy
  7212 | D        | Noticed a guardian mummy
  7212 | D        | Noticed a greater mummy
  7212 | D        | Noticed a guardian mummy
  7212 | D        | Noticed a greater mummy
  7212 | D        | Noticed a greater mummy
  7218 | D        | Killed a greater mummy
  7218 | D        | Received a gift from Trog
  7220 | D        | Noticed a greater mummy
  7220 | D        | Killed a guardian mummy
  7221 | D        | Killed a guardian mummy
  7222 | D        | Killed a greater mummy
  7222 | D        | Received a gift from Trog
  7225 | D        | Killed a greater mummy
  7225 | D        | Killed a greater mummy
  7225 | D        | Received a gift from Trog
  7225 | D        | Killed a greater mummy
  7230 | D        | Noticed a greater mummy
  7234 | D        | Killed a greater mummy
  7246 | D        | Got a golden rune of Zot
  7269 | D        | Noticed a large abomination
  7269 | D        | Noticed an ancient zyme
  7269 | D        | Noticed an insubstantial wisp
  7269 | D        | Noticed an ancient zyme
  7269 | D        | Noticed a wandering mushroom
  7269 | D        | Noticed a tentacled starspawn
  7270 | D        | Noticed a worldbinder
  7271 | D        | Killed a large abomination
  7272 | D        | Noticed a small abomination
  7275 | D        | Killed an ancient zyme
  7276 | D        | Noticed a wandering mushroom
  7278 | D        | Killed an insubstantial wisp
  7280 | D        | Killed an ancient zyme
  7281 | D        | Noticed a chaos spawn
  7287 | D        | Killed a wandering mushroom
  7291 | D        | Killed a tentacled starspawn
  7291 | D        | Reached skill level 27 in Long Blades
  7293 | D        | Killed a worldbinder
  7295 | D        | Killed a small abomination
  7299 | D        | Killed a wandering mushroom
  7303 | D        | Killed a chaos spawn
  7303 | D        | Received a gift from Trog
  7553 | D        | Got an abyssal rune of Zot
  8046 | D        | Got a steaming spear {god gift}
  8280 | D        | Got a scorched quarterstaff
  8937 | D        | Noticed Geryon
  8952 | D        | Killed Geryon
  9406 | D        | Identified the +0 spear of Xoeqa {pierce, +Inv +Fly rF+} (Trog gifted it to you in the Dungeon)
  9408 | D        | Identified the +6 quarterstaff "Smuetaeff" {crush, -Tele Contam +Rage +Inv rElec MR+ Str+2 Int-3} (You took it off a vault sentinel in the Dungeon)
 10962 | D        | Noticed Gloorx Vloq
 10962 | D        | Noticed Ereshkigal
 10962 | D        | Noticed Asmodeus
 10968 | D        | Killed Gloorx Vloq
 10993 | D        | Killed Ereshkigal
 10993 | D        | Reached skill level 10 in Polearms
 11012 | D        | Killed Asmodeus
 11012 | D        | Reached skill level 15 in Polearms
 11136 | D        | Got a dark rune of Zot
 11137 | D        | Noticed Cerebov
 11140 | D        | Noticed Antaeus
 11273 | D        | Killed Cerebov
 11423 | D        | Killed Antaeus
 11423 | D        | Reached XP level 22. HP: 244/244 MP: 9/15
 11474 | D        | Got a bone rune of Zot
 11479 | D        | Got an obsidian rune of Zot
 11565 | D        | Noticed Mnoleg
 11586 | D        | Noticed Dispater
 11589 | D        | Noticed Lom Lobon
 11607 | D        | Killed Lom Lobon
 11607 | D        | Received a gift from Trog
 11607 | D        | Reached skill level 15 in Short Blades
 11614 | D        | Killed Mnoleg
 11627 | D        | Killed Dispater
 11631 | D        | Got an iron rune of Zot
 11635 | D        | Got a magical rune of Zot
 11656 | D        | Got a glowing rune of Zot
 11660 | D        | Got an icy rune of Zot
 11664 | D        | Got a fiery rune of Zot
 13741 | D        | Got the Orb of Zot
 13949 | D        | Lost mutation: Armour fits poorly on your strangely shaped body. [potion of cure mutation]
 13949 | D        | Lost mutation: You have a pair of small antennae on your head. [potion of cure mutation]
 14053 | D        | Received a gift from Trog
 14081 | D        | Got the +5 demon trident of Dawn {venom, +Rage rElec rPois+ Str+4}
 14343 | D        | Received a gift from Trog
 14399 | D        | Received a gift from Trog
 14513 | D        | Noticed Xecahyuh the pandemonium lord
 14521 | D        | Killed Xecahyuh the pandemonium lord
 14521 | D        | Received a gift from Trog
 14562 | D        | Received a gift from Trog
 14608 | D        | Received a gift from Trog
 14637 | D        | Noticed a seraph
 14669 | D        | Killed a seraph
 14679 | D        | Received a gift from Trog
 14679 | D        | Reached skill level 27 in Polearms
 14689 | D        | Reached skill level 1 in Unarmed Combat
 14773 | D        | Received a gift from Trog
 14773 | D        | Reached skill level 15 in Maces & Flails
 14786 | D        | Noticed Gayphej the pandemonium lord
 14795 | D        | Killed Gayphej the pandemonium lord
 14795 | D        | Received a gift from Trog
 14840 | D        | Received a gift from Trog
 15002 | D        | Received a gift from Trog
 15024 | D        | Bought a scroll of identify for 26 gold pieces
 15024 | D        | Bought a scroll of identify for 26 gold pieces
 15076 | D        | Noticed Khodug the pandemonium lord
 15077 | D        | Noticed Aboxanan the pandemonium lord
 15084 | D        | Killed Khodug the pandemonium lord
 15084 | D        | Received a gift from Trog
 15087 | D        | Killed Aboxanan the pandemonium lord
 15136 | D        | Received a gift from Trog
 15266 | D        | Received a gift from Trog
 15266 | D        | Reached XP level 23. HP: 252/252 MP: 12/12
 15364 | D        | Received a gift from Trog
 16176 | D        | Received a gift from Trog
 16303 | D        | Received a gift from Trog
 16349 | D        | Received a gift from Trog
 16368 | D        | Got a transparent mace {god gift}
 16369 | D        | Identified the +12 mace of the Ship {flame, rN+ Dex+3} (Trog gifted it to you in the Dungeon)
 17062 | D        | Received a gift from Trog
 17267 | D        | Reached skill level 27 in Maces & Flails
 19328 | D        | Received a gift from Trog
 20959 | D        | Escaped with the Orb!

Action                   |  1- 3 |  4- 6 |  7- 9 | 10-12 | 13-15 | 16-18 | 19-21 | 22-24 || total
-------------------------+-------+-------+-------+-------+-------+-------+-------+-------++-------
Melee: Hand axe          |    59 |       |       |       |       |       |       |       ||    59
       War axe           |       |       |    25 |    27 |       |    49 |    68 |   109 ||   278
       Battleaxe         |       |       |       |    70 |    63 |     5 |       |       ||   138
       Broad axe         |       |       |       |       |       |    82 |   202 |       ||   284
       Short sword       |       |       |       |       |       |       |     1 |       ||     1
Throw: Javelin           |       |       |       |    24 |   116 |   316 |   162 |   253 ||   871
       Throwing net      |       |       |       |     3 |       |       |       |       ||     3
       Tomahawk          |       |       |       |     2 |    12 |     6 |       |     1 ||    21
Invok: Trog's Hand       |     2 |       |     3 |     9 |    12 |    18 |    25 |    12 ||    81
       Berserk           |       |       |     1 |       |       |       |       |       ||     1
       Brothers in Arms  |       |       |       |     2 |     6 |     4 |     1 |       ||    13
 Abil: Device Recharging |       |       |     1 |     6 |     8 |     5 |     7 |     4 ||    31
       Evoke Invisibilit |       |       |       |       |     1 |     7 |       |       ||     8
Evoke: Wand              |       |     2 |    12 |    41 |    59 |    32 |    60 |    19 ||   225
       Horn of Geryon    |       |       |       |       |       |       |     2 |     2 ||     4
       Phantom mirror    |       |       |       |       |       |       |     1 |       ||     1
  Use: Potion            |     3 |       |       |     2 |     4 |     4 |    10 |    10 ||    33
       Scroll            |       |       |       |     5 |     2 |    12 |    15 |     2 ||    36
 Stab: Invisible         |       |       |     2 |       |     3 |    13 |       |       ||    18
       Sleeping          |       |       |       |       |       |       |     7 |       ||     7
       Distracted        |       |       |       |       |       |       |    11 |     4 ||    15
  Eat: Chunk             |       |       |     1 |     4 |     7 |    16 |     4 |       ||    32
       Fruit             |       |       |       |       |     1 |     3 |     1 |     4 ||     9
       Bread ration      |       |       |       |       |       |       |     3 |       ||     3
       Meat ration       |       |       |       |       |       |       |     1 |     7 ||     8
